[Event "XIV American Continental-ch 2019"]
[Site "Sao Paulo"]
[Date "2019.07.06"]
[Round "2.23"]
[White "Roselli Mailhe, Bernardo"]
[Black "Carvalho, Guillermo"]
[Result "1/2-1/2"]
[ECO "D34"]
[WhiteElo "2471"]
[BlackElo "2162"]
[Annotator "RC"]
[PlyCount "170"]
[EventDate "2019.07.05"]
[EventType "swiss"]
[EventCountry "BRA"]
[SourceTitle "playchess.com"]
[Source "ChessBase"]
[SourceQuality "1"]
[TimeControl "40/5400+30:1800+30"]

1. d4 d5 2. c4 e6 3. Nf3 c5 4. cxd5 exd5 5. g3 Nf6 6. Bg2 Be7 7. O-O O-O 8. Nc3 Nc6 9. dxc5 Bxc5 10. Na4 Be7 11. Be3 Ne4 12. Rc1 Be6 13. Nd4 Nxd4 14. Bxd4 Qd7 15. f3 Nf6 16. Nc5 Bxc5 17. Rxc5 b6 18. Rc3 Qe7 19. Qd2 Rac8 20. Rfc1 Rxc3 21. Rxc3 Rc8 22. Rxc8+ Bxc8 23. Qc3 Ba6 24. e3 Ne8 25. a4 Bc4 26. b3 Ba6 27. a5 Qe6 28. Kf2 Qd6 29. Bf1 Bxf1 30. Kxf1 f6 31. Qc8 Kf8 32. axb6 axb6 33. Qb7 Nc7 34. Qxb6 Qd7 35. Qb7 Qb5+ 36. Qxb5 Nxb5 37. Ke2 Ke7 38. Kd3 Ke6 39. g4 g6 40. e4 f5 41. gxf5+ gxf5 42. exd5+ Kxd5 43. Bg7 Kc5 44. Bf8+ Kd5 45. Ke3 Nd4 46. b4 Ne6 47. Be7 Kc4 48. Bd6 Kd5 49. Bc5 Ke5 50. Kd3 Kd5 51. Be3 Nc7 52. Bf2 Nb5 53. Ke3 Ke5 54. Bg3+ Ke6 55. Kf4 h6 56. Ke3 Kd5 57. Bf4 h5 58. Bh6 Kc4 59. Bf8 Nc7 60. Kf2 Ne6 61. Be7 Nf4 62. Bd6 Ng6 63. Ke3 Kd5 64. Bg3 Kc4 65. Be1 Kd5 66. Bd2 Kc4 67. Ke2 Kd4 68. Be3+ Kc4 69. Bc5 Nf4+ 70. Ke3 Ng2+ 71. Kd2 Nf4 72. Bd6 Ng6 73. Ke3 Kd5 74. Bc7 Kc4 75. Ba5 Kd5 76. b5 Kc5 77. b6 Kc6 78. h3 Kb7 79. Kd4 Kc6 80. Bd2 Nh4 81. Ke3 Ng6 82. Ba5 Kb7 83. Kd4 Kc6 84. Bd2 Nh4 85. Ke3 Ng6 {[%emt 0:00:14] Ke4} 1/2-1/2

[Event "XIV American Continental-ch 2019"]
[Site "Sao Paulo"]
[Date "2019.07.06"]
[Round "2.24"]
[White "Caetano, Ryan Wesley Da Costa"]
[Black "Perdomo, Leandro"]
[Result "1/2-1/2"]
[ECO "E94"]
[WhiteElo "2155"]
[BlackElo "2468"]
[Annotator "RC"]
[PlyCount "52"]
[EventDate "2019.07.05"]
[EventType "swiss"]
[EventCountry "BRA"]
[SourceTitle "playchess.com"]
[Source "ChessBase"]
[SourceQuality "1"]
[TimeControl "40/5400+30:1800+30"]

1. d4 Nf6 2. c4 g6 3. Nc3 Bg7 4. e4 d6 5. Nf3 O-O 6. Be2 e5 7. O-O Nbd7 8. Be3 Ng4 9. Bg5 f6 10. Bh4 Nh6 11. dxe5 dxe5 12. Qd5+ Nf7 13. Rfd1 c6 14. Qd2 Qe7 15. Na4 Nb6 16. Qc2 Nd8 17. h3 Ne6 18. Rab1 Nxa4 19. Qxa4 Nc5 20. Qa3 Re8 21. Nd2 a5 22. Qe3 Qf8 23. Nb3 Nxb3 24. Qxb3 Qc5 25. Rd2 a4 26. Qc3 Be6 1/2-1/2

[Event "XIV American Continental-ch 2019"]
[Site "Sao Paulo"]
[Date "2019.07.07"]
[Round "3.2"]
[White "Leitao, Rafael"]
[Black "Languidey, Simon Alejandro"]
[Result "1/2-1/2"]
[ECO "D37"]
[WhiteElo "2616"]
[BlackElo "2427"]
[Annotator "RC"]
[PlyCount "59"]
[EventDate "2019.07.05"]
[EventType "swiss"]
[EventCountry "BRA"]
[SourceTitle "playchess.com"]
[Source "ChessBase"]
[SourceQuality "1"]
[TimeControl "40/5400+30:1800+30"]

1. d4 e6 2. c4 d5 3. Nf3 Nf6 4. Nc3 a6 5. cxd5 exd5 6. Bg5 Be6 7. e3 Nbd7 8. Bd3 Bd6 9. O-O c6 10. h3 Qc7 11. Qc2 h6 12. Bxf6 Nxf6 13. Bf5 Bxf5 14. Qxf5 O-O 15. Ne5 Bxe5 16. dxe5 Nd7 17. Rac1 Nxe5 18. Nxd5 Qd6 19. Nc3 Rad8 20. Rfd1 Qe7 21. Qe4 f5 22. Qc2 Qf7 23. Rxd8 Rxd8 24. Rd1 Rxd1+ 25. Qxd1 Qd7 26. Qb3+ Kh7 27. f4 Nd3 28. Qd1 c5 29. b3 b5 30. Ne2 1/2-1/2

[Event "XIV American Continental-ch 2019"]
[Site "Sao Paulo"]
[Date "2019.07.07"]
[Round "3.3"]
[White "Proudian, Armen"]
[Black "Delgado Ramirez, Neuris"]
[Result "1/2-1/2"]
[ECO "B90"]
[WhiteElo "2429"]
[BlackElo "2605"]
[Annotator "RC"]
[PlyCount "43"]
[EventDate "2019.07.05"]
[EventType "swiss"]
[EventCountry "BRA"]
[SourceTitle "playchess.com"]
[Source "ChessBase"]
[SourceQuality "1"]
[TimeControl "40/5400+30:1800+30"]

1. e4 c5 2. Nf3 d6 3. d4 cxd4 4. Nxd4 Nf6 5. Nc3 a6 6. Be3 e5 7. Nb3 Be7 8. Qd2 O-O 9. O-O-O a5 10. a4 Be6 11. f4 Qc8 12. Kb1 Nc6 13. f5 Nxe4 14. Nxe4 Bxf5 15. Nc3 Nb4 16. Bd3 Bxd3 17. cxd3 d5 18. d4 Qf5+ 19. Ka1 Nc2+ 20. Ka2 Nb4+ 21. Ka1 Nc2+ 22. Ka2 1/2-1/2

[Event "XIV American Continental-ch 2019"]
[Site "Sao Paulo"]
[Date "2019.07.07"]
[Round "3.4"]
[White "Gareyev, Timur"]
[Black "Almiron, Antonio"]
[Result "1-0"]
[ECO "A06"]
[WhiteElo "2588"]
[BlackElo "2402"]
[Annotator "ChessBase"]
[PlyCount "57"]
[EventDate "2019.07.05"]
[EventType "swiss"]
[EventCountry "BRA"]
[SourceTitle "playchess.com"]
[Source "ChessBase"]
[SourceQuality "1"]
[TimeControl "40/5400+30:1800+30"]

1. Nf3 d5 2. c4 c6 3. g3 g6 4. Qa4 Nd7 5. cxd5 cxd5 6. Bg2 Bg7 7. Nc3 Ngf6 8. d4 O-O 9. Bf4 Nb6 10. Qb3 Nh5 11. Bc1 Nc4 12. O-O Nf6 13. Ne5 Na5 14. Qa3 Re8 15. Bg5 h6 16. Bxf6 exf6 17. Nd3 Be6 18. Rfc1 Bf8 19. Qa4 Rc8 20. Nf4 Rc4 21. Qd1 Nc6 22. e3 Ne7 23. Bf1 Rc8 24. Qb3 Qd7 25. Bb5 Nc6 26. Ncxd5 Kg7 27. Nxf6 Kxf6 28. d5 Na5 29. Qa4 1-0

[Event "XIV American Continental-ch 2019"]
[Site "Sao Paulo"]
[Date "2019.07.07"]
[Round "3.5"]
[White "Umetsubo, Cesar Hidemitsu"]
[Black "Pichot, Alan"]
[Result "0-1"]
[ECO "E24"]
[WhiteElo "2406"]
[BlackElo "2579"]
[Annotator "RC"]
[PlyCount "126"]
[EventDate "2019.07.05"]
[EventType "swiss"]
[EventCountry "BRA"]
[SourceTitle "playchess.com"]
[Source "ChessBase"]
[SourceQuality "1"]
[TimeControl "40/5400+30:1800+30"]

1. d4 Nf6 2. c4 e6 3. Nc3 Bb4 4. a3 Bxc3+ 5. bxc3 b6 6. f3 Nc6 7. e4 d6 8. Bd3 Na5 9. f4 Bb7 10. Qe2 Nb3 11. Rb1 Nxc1 12. Rxc1 e5 13. fxe5 dxe5 14. Nf3 Nd7 15. c5 O-O 16. O-O bxc5 17. dxe5 Qe7 18. Rb1 Rab8 19. Rb2 Bc6 20. Rxb8 Rxb8 21. Bc4 Nb6 22. Ba2 Bd7 23. Qa6 c4 24. Qa5 a6 25. Rb1 Bb5 26. Nd4 Qxe5 27. a4 Nxa4 28. Nxb5 axb5 29. Qxa4 Qxe4 30. Qa7 Re8 31. Rf1 Qe5 32. Qf2 Re7 33. Qf3 g6 34. Qf6 Qxf6 35. Rxf6 Kg7 36. Rf1 Re3 37. Rc1 Re2 38. Bb1 f5 39. Bc2 Kf6 40. Bd1 Rb2 41. Kf1 c5 42. Rc2 Rb1 43. Ke1 g5 44. Kd2 g4 45. g3 h5 46. Ra2 b4 47. Be2 b3 48. Ra6+ Kg5 49. Bxc4 b2 50. Kc2 Rh1 51. Kxb2 Rxh2+ 52. Kb3 Rg2 53. Bf7 Rxg3 54. Rg6+ Kf4 55. Rh6 Rh3 56. Kc4 g3 57. Rg6 Rh4 58. Bd5 Ke3+ 59. Kxc5 Rg4 60. Re6+ Kf2 61. Re5 Rf4 62. c4 h4 63. Re8 h3 {[%emt 0:00:14] Kd4} 0-1

[Event "XIV American Continental-ch 2019"]
[Site "Sao Paulo"]
[Date "2019.07.07"]
[Round "3.7"]
[White "Fernandez Reyes, Lisandro"]
[Black "Supi, Luis Paulo"]
[Result "0-1"]
[ECO "A05"]
[WhiteElo "2378"]
[BlackElo "2562"]
[Annotator "ChessBase"]
[PlyCount "90"]
[EventDate "2019.07.05"]
[EventType "swiss"]
[EventCountry "BRA"]
[SourceTitle "playchess.com"]
[Source "ChessBase"]
[SourceQuality "1"]
[TimeControl "40/5400+30:1800+30"]

1. Nf3 Nf6 2. b3 d5 3. Bb2 Bg4 4. e3 Nbd7 5. h3 Bh5 6. c4 e6 7. Nc3 c6 8. Be2 Bc5 9. g4 Bg6 10. g5 Ne4 11. h4 O-O 12. a3 Bd6 13. cxd5 Nxc3 14. Bxc3 cxd5 15. h5 Be4 16. Rg1 Rc8 17. Bb5 Bxf3 18. Qxf3 Ne5 19. Qe2 Qb6 20. Bd4 Qc7 21. f4 Nc6 22. Bb2 d4 23. Bxc6 bxc6 24. Bxd4 e5 25. Bb2 exf4 26. g6 Be5 27. d4 Bf6 28. e4 fxg6 29. O-O-O f3 30. Qc4+ Kh8 31. e5 f2 32. exf6 fxg1=Q 33. fxg7+ Kxg7 34. Rxg1 Qf4+ 35. Kb1 Qe4+ 36. Ka2 Qd5 37. hxg6 hxg6 38. Qd3 Rf6 39. Rg3 Re8 40. Qa6 Re7 41. a4 Rf2 42. Qd3 Re6 43. Ka3 Qd6+ 44. b4 Ree2 45. Bc1 a5 0-1

[Event "XIV American Continental-ch 2019"]
[Site "Sao Paulo"]
[Date "2019.07.07"]
[Round "3.8"]
[White "Perez Ponsa, Federico"]
[Black "Duran Vega, Sergio"]
[Result "1-0"]
[ECO "C50"]
[WhiteElo "2560"]
[BlackElo "2364"]
[Annotator "ChessBase"]
[PlyCount "91"]
[EventDate "2019.07.05"]
[EventType "swiss"]
[EventCountry "BRA"]
[SourceTitle "playchess.com"]
[Source "ChessBase"]
[SourceQuality "1"]
[TimeControl "40/5400+30:1800+30"]

1. e4 e5 2. Bc4 Nf6 3. d3 Bc5 4. Nf3 Nc6 5. c3 O-O 6. Nbd2 d5 7. exd5 Nxd5 8. Ne4 Bb6 9. O-O a6 10. Re1 Kh8 11. Ng3 f6 12. Bd2 Qd6 13. b4 Be6 14. Ne4 Qd7 15. a4 a5 16. b5 Nce7 17. d4 exd4 18. cxd4 Bg4 19. Nc5 Bxc5 20. dxc5 Qf5 21. Nd4 Qd7 22. Qb3 c6 23. Qg3 Ng6 24. Re4 f5 25. Re6 f4 26. Qxg4 Nf6 27. Qe2 Qxd4 28. Rc1 Qxc5 29. bxc6 bxc6 30. Bb5 Qg5 31. Bxc6 Rac8 32. Re1 Nh4 33. Qe5 Qxe5 34. R1xe5 Rfd8 35. Bxa5 Rd1+ 36. Re1 Rxe1+ 37. Bxe1 Nf5 38. Bf3 Nd4 39. Rd6 Nxf3+ 40. gxf3 Kg8 41. Bd2 Rc4 42. a5 Kf7 43. a6 Ra4 44. Rb6 Kg6 45. Bc3 Kf5 46. Rb5+ 1-0

[Event "XIV American Continental-ch 2019"]
[Site "Sao Paulo"]
[Date "2019.07.07"]
[Round "3.9"]
[White "Gemy, Jose Daniel"]
[Black "Fier, Alexandr"]
[Result "0-1"]
[ECO "A04"]
[WhiteElo "2371"]
[BlackElo "2547"]
[Annotator "ChessBase"]
[PlyCount "82"]
[EventDate "2019.07.05"]
[EventType "swiss"]
[EventCountry "BRA"]
[SourceTitle "playchess.com"]
[Source "ChessBase"]
[SourceQuality "1"]
[TimeControl "40/5400+30:1800+30"]

1. Nf3 c5 2. g3 Nc6 3. Bg2 g6 4. O-O Bg7 5. d3 d5 6. c3 Nf6 7. Qa4 O-O 8. Qh4 e5 9. Bg5 Qd6 10. Nbd2 Nd7 11. Bh6 f6 12. e4 d4 13. Nc4 Qe7 14. a4 Nb6 15. Nxb6 axb6 16. Bh3 Bd7 17. Bxd7 Qxd7 18. Rfd1 Nd8 19. cxd4 cxd4 20. b3 Nf7 21. Bd2 Qe6 22. Rab1 h6 23. Kg2 f5 24. Qh3 Qf6 25. exf5 gxf5 26. Bb4 e4 27. Nd2 Ng5 28. Qh4 Rf7 29. Re1 Re8 30. f4 e3 31. fxg5 hxg5 32. Qh5 g4 33. Nc4 Bf8 34. Bxf8 Rexf8 35. Qh4 Qxh4 36. gxh4 f4 37. Kf1 Rh7 38. Ne5 Rxh4 39. Ng6 Rxh2 40. Kg1 g3 41. Nxf8 f3 0-1

[Event "XIV American Continental-ch 2019"]
[Site "Sao Paulo"]
[Date "2019.07.07"]
[Round "3.10"]
[White "Gonzalez Vidal, Yuri"]
[Black "Mieles Palau, Daniel"]
[Result "1-0"]
[ECO "B31"]
[WhiteElo "2547"]
[BlackElo "2359"]
[Annotator "ChessBase"]
[PlyCount "73"]
[EventDate "2019.07.05"]
[EventType "swiss"]
[EventCountry "BRA"]
[SourceTitle "playchess.com"]
[Source "ChessBase"]
[SourceQuality "1"]
[TimeControl "40/5400+30:1800+30"]

1. e4 c5 2. Nf3 Nc6 3. Bb5 g6 4. Bxc6 dxc6 5. d3 Bg7 6. h3 b6 7. O-O Qc7 8. Nc3 e5 9. Be3 Ne7 10. a3 a5 11. Na4 f5 12. b4 f4 13. Bd2 cxb4 14. axb4 axb4 15. Bxb4 c5 16. Bd2 Bd7 17. Nc3 O-O 18. Qb1 Rxa1 19. Qxa1 h6 20. Rb1 Kh7 21. Nb5 Qc6 22. c4 g5 23. Nxe5 Qe6 24. Bc3 Bxe5 25. Bxe5 Ng6 26. Bg7 Rc8 27. f3 h5 28. Bc3 Nh4 29. Qb2 g4 30. Qf2 Qe7 31. fxg4 Rf8 32. Be1 Ng6 33. gxh5 Ne5 34. Bc3 Rg8 35. Qxf4 Nxd3 36. Qf3 Qg5 37. Rd1 1-0

[Event "XIV American Continental-ch 2019"]
[Site "Sao Paulo"]
[Date "2019.07.07"]
[Round "3.11"]
[White "Santos, Marcus Vinicius More"]
[Black "Mekhitarian, Krikor Sevag"]
[Result "1/2-1/2"]
[ECO "E46"]
[WhiteElo "2354"]
[BlackElo "2545"]
[Annotator "ChessBase"]
[PlyCount "72"]
[EventDate "2019.07.05"]
[EventType "swiss"]
[EventCountry "BRA"]
[SourceTitle "playchess.com"]
[Source "ChessBase"]
[SourceQuality "1"]
[TimeControl "40/5400+30:1800+30"]

1. d4 Nf6 2. c4 e6 3. Nc3 Bb4 4. e3 O-O 5. Nge2 Re8 6. a3 Bf8 7. Ng3 d5 8. Be2 b6 9. cxd5 exd5 10. O-O g6 11. Bf3 Bb7 12. b4 h5 13. Qc2 a6 14. Bb2 Nbd7 15. Nge2 Ne4 16. Nf4 Ndf6 17. Nd3 Bd6 18. Ne5 Qe7 19. Be2 c5 20. bxc5 bxc5 21. Nxe4 Nxe4 22. f3 Nf6 23. Qd2 Rac8 24. Bd3 c4 25. Bb1 Qe6 26. Bc3 Nd7 27. f4 f5 28. Rf3 Nxe5 29. fxe5 Be7 30. Bc2 Bc6 31. a4 Rf8 32. Raf1 Rf7 33. Rb1 Rff8 34. Rb6 Ra8 35. Rf1 Bd8 36. Rb2 a5 1/2-1/2

[Event "XIV American Continental-ch 2019"]
[Site "Sao Paulo"]
[Date "2019.07.07"]
[Round "3.12"]
[White "Rodi, Luis Ernesto"]
[Black "Garcia Pantoja, Roberto"]
[Result "1/2-1/2"]
[ECO "B90"]
[WhiteElo "2343"]
[BlackElo "2529"]
[Annotator "ChessBase"]
[PlyCount "43"]
[EventDate "2019.07.05"]
[EventType "swiss"]
[EventCountry "BRA"]
[SourceTitle "playchess.com"]
[Source "ChessBase"]
[SourceQuality "1"]
[TimeControl "40/5400+30:1800+30"]

1. e4 c5 2. Nf3 d6 3. d4 cxd4 4. Nxd4 Nf6 5. Nc3 a6 6. Be3 e5 7. Nb3 Be6 8. f3 Be7 9. Qd2 O-O 10. O-O-O Nbd7 11. g4 b5 12. g5 Nh5 13. Kb1 Nb6 14. Na5 Qc7 15. Nd5 Nxd5 16. exd5 Bxd5 17. Qxd5 Qxa5 18. Bd3 Qc7 19. c4 bxc4 20. Bxc4 g6 21. Rc1 Qd7 22. Bd3 1/2-1/2

[Event "XIV American Continental-ch 2019"]
[Site "Sao Paulo"]
[Date "2019.07.07"]
[Round "3.13"]
[White "Krysa, Leandro"]
[Black "Rangel, Daniel"]
[Result "1-0"]
[ECO "D15"]
[WhiteElo "2517"]
[BlackElo "2325"]
[Annotator "ChessBase"]
[PlyCount "87"]
[EventDate "2019.07.05"]
[EventType "swiss"]
[EventCountry "BRA"]
[SourceTitle "playchess.com"]
[Source "ChessBase"]
[SourceQuality "1"]
[TimeControl "40/5400+30:1800+30"]

1. d4 d5 2. c4 c6 3. Nf3 Nf6 4. Nc3 a6 5. c5 g6 6. g3 Bg7 7. Bg2 O-O 8. O-O Nbd7 9. Qc2 Re8 10. Rd1 b6 11. cxb6 Qxb6 12. Bf4 Bb7 13. Ne5 Nxe5 14. Bxe5 Nd7 15. Bxg7 Kxg7 16. Rac1 e6 17. Na4 Qa7 18. e4 Rab8 19. Qd2 Ba8 20. b3 Kg8 21. h4 e5 22. dxe5 Nxe5 23. Qd4 Qe7 24. Nc5 dxe4 25. Qxe4 Rbd8 26. Rxd8 Qxd8 27. Qc2 a5 28. Rd1 Qf6 29. Qc3 Ng4 30. Qxf6 Nxf6 31. Kf1 Nd5 32. Rc1 Rb8 33. Ke2 Re8+ 34. Kf1 Rb8 35. Rc4 Rb4 36. Bxd5 cxd5 37. Rxb4 axb4 38. Nd3 Kf8 39. Ke2 Ke7 40. Ke3 Kd6 41. Kd4 Bb7 42. Nxb4 h5 43. a4 Bc8 44. a5 1-0

[Event "XIV American Continental-ch 2019"]
[Site "Sao Paulo"]
[Date "2019.07.07"]
[Round "3.14"]
[White "Aranha Filho, Alvaro Z."]
[Black "Barbosa, Evandro Amorim"]
[Result "1/2-1/2"]
[ECO "A63"]
[WhiteElo "2320"]
[BlackElo "2506"]
[Annotator "RC"]
[PlyCount "141"]
[EventDate "2019.07.05"]
[EventType "swiss"]
[EventCountry "BRA"]
[SourceTitle "playchess.com"]
[Source "ChessBase"]
[SourceQuality "1"]
[TimeControl "40/5400+30:1800+30"]

1. d4 Nf6 2. Nf3 e6 3. c4 c5 4. d5 exd5 5. cxd5 d6 6. Nc3 g6 7. g3 Bg7 8. Bg2 O-O 9. O-O Nbd7 10. Bf4 Qe7 11. Re1 h6 12. h3 g5 13. Bc1 g4 14. hxg4 Nxg4 15. Bf4 Nde5 16. Qc2 Ng6 17. e3 a6 18. a4 b6 19. Bf1 Re8 20. Bd3 N6e5 21. Bxe5 Nxe5 22. Nxe5 Qxe5 23. f4 Qf6 24. Kf2 Bd7 25. Rab1 Reb8 26. Qe2 b5 27. axb5 axb5 28. Nxb5 Bxb5 29. Bxb5 Ra2 30. Kf3 Qg6 31. g4 f5 32. gxf5 Qxf5 33. Kg3 Kh8 34. Bd3 Qf7 35. Qf3 Rg8 36. Kh3 Qd7+ 37. Kh2 Bxb2 38. Re2 Qg7 39. Bc4 Ra4 40. Rexb2 Rxc4 41. Rg2 Qf7 42. Rxg8+ Qxg8 43. Rb2 Rc1 44. Rg2 Qf7 45. f5 Qf6 46. Qg3 Qf8 47. Qf4 Qf6 48. Qg3 Qf8 49. Qh4 Ra1 50. Rg6 Kh7 51. Qf4 Ra6 52. Qg4 Qf7 53. Qh5 Qf8 54. f6 Ra7 55. Qf5 Kh8 56. Qf4 Kh7 57. Qf5 Kh8 58. Rg2 Rf7 59. Rf2 Qg8 60. Qh5 Kh7 61. Rg2 Qf8 62. Qf5+ Kh8 63. Rf2 Qg8 64. e4 Qg5 65. Qxg5 hxg5 66. Rf5 Kh7 67. Rxg5 Rxf6 68. e5 dxe5 69. Rxe5 Kg6 70. d6 Rxd6 71. Rxc5 1/2-1/2

[Event "XIV American Continental-ch 2019"]
[Site "Sao Paulo"]
[Date "2019.07.07"]
[Round "3.15"]
[White "Cubas, Jose Fernando"]
[Black "Coro, Lucas"]
[Result "1-0"]
[ECO "B50"]
[WhiteElo "2493"]
[BlackElo "2312"]
[Annotator "ChessBase"]
[PlyCount "45"]
[EventDate "2019.07.05"]
[EventType "swiss"]
[EventCountry "BRA"]
[SourceTitle "playchess.com"]
[Source "ChessBase"]
[SourceQuality "1"]
[TimeControl "40/5400+30:1800+30"]

1. e4 c5 2. Nf3 d6 3. c3 Nf6 4. h3 Bd7 5. Bd3 Bc6 6. Qe2 Nbd7 7. Bc2 e6 8. O-O Be7 9. d4 O-O 10. Rd1 d5 11. e5 Ne4 12. Nbd2 Nxd2 13. Bxd2 Qb6 14. Ng5 h6 15. Qd3 g6 16. Nxf7 Rxf7 17. Qxg6+ Kf8 18. Bxh6+ Ke8 19. Rd3 Nf8 20. Qh5 Qxb2 21. Rc1 Kd8 22. Qxf7 Be8 23. Qf4 1-0

[Event "XIV American Continental-ch 2019"]
[Site "Sao Paulo"]
[Date "2019.07.07"]
[Round "3.17"]
[White "Hambleton, Aman"]
[Black "Uribe Arteaga, Daniel"]
[Result "1-0"]
[ECO "A10"]
[WhiteElo "2487"]
[BlackElo "2304"]
[Annotator "ChessBase"]
[PlyCount "89"]
[EventDate "2019.07.05"]
[EventType "swiss"]
[EventCountry "BRA"]
[SourceTitle "playchess.com"]
[Source "ChessBase"]
[SourceQuality "1"]
[TimeControl "40/5400+30:1800+30"]

1. c4 d6 2. Nc3 e5 3. g3 f5 4. Bg2 Nf6 5. d3 Be7 6. e4 fxe4 7. dxe4 O-O 8. Nge2 Be6 9. b3 Qd7 10. h3 Nc6 11. Be3 Bd8 12. Qd2 Ne7 13. Rd1 Ng6 14. Nd5 Nh5 15. c5 Rf7 16. cxd6 cxd6 17. Nec3 Bh4 18. Qe2 Nhf4 19. gxf4 exf4 20. Bd4 f3 21. Bxf3 Bxh3 22. Rxh3 Qxh3 23. Bg4 Qg2 24. Be6 Raf8 25. Kd2 Bg5+ 26. Kc2 Qh2 27. f4 Bxf4 28. Nxf4 Qxf4 29. Rf1 Qg5 30. Rxf7 Rxf7 31. Bxf7+ Kxf7 32. Qc4+ Kf8 33. Qc8+ Kf7 34. Qxb7+ Qe7 35. Qxa7 Qxa7 36. Bxa7 h5 37. Bf2 h4 38. a4 h3 39. Bg3 Ke6 40. Ne2 d5 41. exd5+ Kxd5 42. Nf4+ Nxf4 43. Bxf4 g5 44. Bb8 g4 45. Kd2 1-0

[Event "XIV American Continental-ch 2019"]
[Site "Sao Paulo"]
[Date "2019.07.07"]
[Round "3.18"]
[White "Cadilhac, Igor Tokuichi Kikuch"]
[Black "Vazquez, Guillermo"]
[Result "1/2-1/2"]
[ECO "E46"]
[WhiteElo "2291"]
[BlackElo "2483"]
[Annotator "ChessBase"]
[PlyCount "81"]
[EventDate "2019.07.05"]
[EventType "swiss"]
[EventCountry "BRA"]
[SourceTitle "playchess.com"]
[Source "ChessBase"]
[SourceQuality "1"]
[TimeControl "40/5400+30:1800+30"]

1. d4 Nf6 2. c4 e6 3. Nc3 Bb4 4. e3 O-O 5. Nge2 Re8 6. a3 Bf8 7. e4 d5 8. e5 Nfd7 9. c5 b6 10. b4 a5 11. Be3 c6 12. Nf4 axb4 13. axb4 Rxa1 14. Qxa1 bxc5 15. bxc5 Nxe5 16. dxe5 d4 17. Ne4 dxe3 18. Bd3 Nd7 19. Qc3 g6 20. fxe3 Bg7 21. Qa3 Bxe5 22. O-O Nf6 23. Nxf6+ Bxf6 24. Be4 Bd7 25. Nd3 Bg7 26. Qa7 Qc8 27. Nb4 Bh6 28. Kf2 e5 29. Rd1 Bg4 30. Rd6 Bf8 31. Rxc6 Qd8 32. Nd3 Qh4+ 33. Kg1 Bh6 34. Bd5 Bxe3+ 35. Kh1 Rf8 36. g3 Qd8 37. Rd6 Qg5 38. Qa1 e4 39. Bxe4 Qf5 40. Bg2 Bf3 41. Qf6 1/2-1/2

[Event "XIV American Continental-ch 2019"]
[Site "Sao Paulo"]
[Date "2019.07.07"]
[Round "3.19"]
[White "Santiago, Yago De Moura"]
[Black "Luz, Arthur Nader"]
[Result "1-0"]
[ECO "E92"]
[WhiteElo "2473"]
[BlackElo "2114"]
[Annotator "ChessBase"]
[PlyCount "79"]
[EventDate "2019.07.05"]
[EventType "swiss"]
[EventCountry "BRA"]
[SourceTitle "playchess.com"]
[Source "ChessBase"]
[SourceQuality "1"]
[TimeControl "40/5400+30:1800+30"]

1. d4 Nf6 2. c4 g6 3. Nc3 Bg7 4. e4 d6 5. Nf3 O-O 6. Be2 e5 7. d5 a5 8. Bg5 Na6 9. Nd2 Qe8 10. O-O Nc5 11. b3 h6 12. Be3 Nfd7 13. Nb5 Na6 14. a3 f5 15. f3 Nf6 16. b4 Bd7 17. bxa5 Qe7 18. Rb1 Rfb8 19. c5 Bxb5 20. Rxb5 Nxc5 21. Bxc5 dxc5 22. Qb3 Kh8 23. Rxb7 Rd8 24. Rb1 Rxa5 25. Nc4 Raa8 26. d6 Rxd6 27. Nxd6 Qxd6 28. Rd1 Qc6 29. Rb8+ Rxb8 30. Qxb8+ Kh7 31. Qb5 Qe6 32. Bc4 Qe7 33. Qc6 fxe4 34. fxe4 Nh5 35. Qa8 Nf6 36. Qd8 Qxd8 37. Rxd8 h5 38. a4 Nxe4 39. a5 Nd6 40. Rxd6 1-0

[Event "XIV American Continental-ch 2019"]
[Site "Sao Paulo"]
[Date "2019.07.07"]
[Round "3.20"]
[White "Garcia Cardenas, Pablo"]
[Black "Sato, Leticia Miho"]
[Result "1-0"]
[ECO "D61"]
[WhiteElo "2443"]
[BlackElo "1693"]
[Annotator "NA"]
[PlyCount "109"]
[EventDate "2019.07.05"]
[EventType "swiss"]
[EventCountry "BRA"]
[SourceTitle "playchess.com"]
[Source "ChessBase"]
[SourceQuality "1"]
[TimeControl "40/5400+30:1800+30"]

1. d4 d5 2. c4 e6 3. Nc3 Nf6 4. Nf3 Be7 5. Bg5 Nbd7 6. e3 O-O 7. Qc2 h6 8. Bh4 b6 9. cxd5 exd5 10. Bd3 Bb7 11. O-O Ne4 12. Nxd5 Bxd5 13. Bxe4 Bxe4 14. Qxe4 Bxh4 15. Qxh4 c5 16. Qf4 cxd4 17. Rfd1 Qf6 18. Qxf6 Nxf6 19. Nxd4 Rac8 20. Rac1 Rfd8 21. Kf1 g6 22. Ke2 Ne4 23. f3 Nc5 24. b4 Na4 25. Nb5 a6 26. Rxd8+ Rxd8 27. Nd4 Rd6 28. Kd3 a5 29. a3 Kg7 30. Kc4 axb4 31. axb4 Rd8 32. Kb5 Nb2 33. Rb1 Nd3 34. Kxb6 Rb8+ 35. Ka5 Ra8+ 36. Kb5 Ra2 37. Kc4 Ne5+ 38. Kd5 Nd7 39. g4 Rxh2 40. b5 Rd2 41. b6 Rd3 42. e4 h5 43. gxh5 gxh5 44. b7 Nb8 45. Rg1+ Kh7 46. Kc4 Rd2 47. Kc3 Rf2 48. Rg5 Rh2 49. Nf5 Rh3 50. Rg7+ Kh8 51. Rxf7 Rxf3+ 52. Kc4 Nc6 53. Kd5 Rc3 54. Rc7 Nb4+ 55. Ke5 1-0

[Event "XIV American Continental-ch 2019"]
[Site "Sao Paulo"]
[Date "2019.07.07"]
[Round "3.21"]
[White "Curi, Gabriel"]
[Black "Quintiliano Pinto, Renato R."]
[Result "0-1"]
[ECO "B51"]
[WhiteElo "2185"]
[BlackElo "2443"]
[Annotator "RC"]
[PlyCount "142"]
[EventDate "2019.07.05"]
[EventType "swiss"]
[EventCountry "BRA"]
[SourceTitle "playchess.com"]
[Source "ChessBase"]
[SourceQuality "1"]
[TimeControl "40/5400+30:1800+30"]

1. e4 c5 2. Nf3 d6 3. Bb5+ Nd7 4. c3 Ngf6 5. Qe2 a6 6. Ba4 b5 7. Bc2 Bb7 8. d4 e6 9. O-O Be7 10. Nbd2 cxd4 11. cxd4 Qc7 12. Bd3 O-O 13. a4 bxa4 14. Rxa4 a5 15. Rc4 Qb6 16. Rc3 Rfc8 17. Rb3 Qc7 18. Rc3 Qd8 19. Rxc8 Rxc8 20. Ba6 Bxa6 21. Qxa6 Qc7 22. h3 d5 23. e5 Nb8 24. Qb5 Nfd7 25. Nb3 Nc6 26. Bg5 Rb8 27. Qd3 Qb6 28. Nbd2 Bxg5 29. Nxg5 Nf8 30. Ngf3 Qxb2 31. Rb1 Qa2 32. Rxb8 Nxb8 33. Qb5 Nbd7 34. g3 h6 35. Kg2 a4 36. Nb1 Qc2 37. Qb4 Ng6 38. Nc3 Nb6 39. h4 Nc4 40. Nxa4 Ne3+ 41. Kg1 Ng4 42. Nd2 Qd1+ 43. Nf1 Nh2 44. Kxh2 Qxf1 45. Qb2 Ne7 46. Nc5 Nc6 47. Nd7 h5 48. Nb8 Ne7 49. Nd7 Nf5 50. Qb8+ Kh7 51. Nf8+ Kh6 52. Qb2 Qd1 53. Qc3 g6 54. Nd7 Qxd4 55. Qc1+ Kg7 56. Kg1 Qc4 57. Qg5 Qc7 58. Nf6 Kh8 59. Ne8 Qe7 60. Nf6 Qf8 61. g4 hxg4 62. Nxg4 Qe7 63. Nf6 Qb4 64. Ng4 Qe7 65. Nf6 Qc7 66. h5 Qxe5 67. hxg6 fxg6 68. Qxg6 Qe1+ 69. Kh2 Qxf2+ 70. Kh3 Qe3+ 71. Kh2 Qh6+ 0-1